 Dungeon Crawl Stone Soup version 0.30-b1-6-gad0e9d6a2d (webtiles) character file.

Game seed: 8321855004751070208

5784 Mysteryquy the Cleaver (level 10, -10/63 HPs)
             Began as a Gargoyle Fighter on May 5, 2023.
             Was a Follower of Trog.
             Mangled by a red ugly thing (22 damage)
             ... on level 9 of the Dungeon.
             The game lasted 00:09:11 (8711 turns).

Mysteryquy the Cleaver (Gargoyle Fighter)           Turns: 8711, Time: 00:09:12

Health: -10/63     AC: 16    Str: 23    XL:     10   Next: 78%
Magic:  10/10      EV: 10    Int: 10    God:    Trog [*.....]
Gold:   468        SH:  5    Dex:  9    Spells: 9/9 levels left

rFire   . . .        x - +4 war axe (venom)
rCold   . . .        c - +0 buckler
rNeg    + . .        b - +0 scale mail
rPois   ∞            (no helmet)
rElec   +            C - +0 cloak
rCorr   .            (no gloves)
SInv    .            (no boots)
Will    .....        (no amulet) Stlth
                     (no ring)
HPRegen 0.30/turn    (no ring)
MPRegen 0.12/turn

%: no passive effects
@: no status effects
A: sickness immunity, AC +7, negative energy resistance 1, electricity
resistance, torment resistance 1, petrification resistance
a: Renounce Religion, Berserk


You were on level 9 of the Dungeon.
You worshipped Trog.
Trog was aware of your devotion.
You visited 2 branches of the dungeon, and saw 10 of its levels.

You collected 468 gold pieces.

Inventory:

Hand Weapons
 a - a +0 war axe
 x - a +4 war axe of venom (weapon)
Missiles
 I - a throwing net (quivered)
Armour
 b - a +0 scale mail (worn)
 c - a +0 buckler (worn)
 C - a +0 cloak (worn)
Jewellery
 v - an amulet of reflection
 w - an amulet of magic regeneration
 J - a +5 ring of evasion
Wands
 d - a wand of iceblast (8)
 l - a wand of flame (25)
 q - a wand of paralysis (8)
 G - a wand of quicksilver (12)
 M - a wand of polymorph (5)
Scrolls
 f - 6 scrolls of identify {unknown}
 h - a scroll of vulnerability {unknown}
 m - 3 scrolls of poison {unknown}
 n - 5 scrolls of teleportation {unknown}
 o - 3 scrolls of enchant armour {unknown}
 r - a scroll of magic mapping {unknown}
 s - a scroll of summoning {unknown}
 u - a scroll of fear {unknown}
 y - a scroll of acquirement {unknown}
 A - 2 scrolls of enchant weapon {unknown}
 E - a scroll of fog {unknown}
 F - 2 scrolls of noise {unknown}
 L - a scroll of amnesia {unknown}
Potions
 e - a potion of cancellation {unknown}
 g - a potion of haste {unknown}
 i - 5 potions of heal wounds {unknown}
 j - 2 potions of flight {unknown}
 k - a potion of mutation {unknown}
 p - a potion of berserk rage {unknown}
 t - a potion of invisibility {unknown}
 z - a potion of attraction {unknown}
 B - a potion of degeneration {unknown}
 D - 2 potions of brilliance {unknown}
 H - 2 potions of curing
 K - a potion of ambrosia {unknown}


   Skills:
 + Level 7.6 Fighting
 + Level 10.4 Axes
 + Level 8.2 Armour
 + Level 3.5 Dodging
 + Level 1.6 Stealth
 + Level 5.5 Shields


You had 9 spell levels left.
You didn't know any spells.
Your spell library contained the following spells:

 Spells                   Type           Power      Damage    Failure   Level
 Kiss of Death            Conj/Necr      0%         2d5       71%         1
 Mephitic Cloud           Conj/Pois/Air  0%         N/A       97%         3
 Portal Projectile        Hex/Tloc       0%         N/A       97%         3
 Tukima's Dance           Hex            0%         N/A       97%         3
 Blade Hands              Tmut           0%         N/A       100%        5
 Conjure Ball Lightning   Conj/Air       0%         3x3d6     100%        6


Dungeon Overview and Level Annotations

Branches:
Dungeon (9/15)             Temple (1/1) D:6            Lair (0/5) D:8
    Orc: D:9-12

Altars:
Ashenzari
Cheibriados
Dithmenos
Elyvilon
Gozag
Hepliaklqana
Kikubaaqudgha
Makhleb
Nemelex Xobeh
Okawaru
Qazlal
Ru
Sif Muna
Trog
Uskayaw
Vehumet
Wu Jian
Xom
Yredelemnul
Zin
The Shining One

Shops:
D:3 :


Innate Abilities, Weirdness & Mutations

You are immune to sickness and miasma.
Your stone body is resilient. (AC +7)
You are immune to poison.
You resist negative energy. (rN+)
You are resistant to electric shocks. (rElec)
You are resistant to unholy torment.
You are immune to petrification.


Message History

The red ugly thing claws you.
You are engulfed in flames!
You slice the red ugly thing!!
The red ugly thing looks as sick as possible!
The red ugly thing is heavily wounded.
The red ugly thing claws you but does no damage.
You slash the red ugly thing!
The red ugly thing looks as sick as possible!
The red ugly thing is heavily wounded.
The red ugly thing claws you!
You are engulfed in flames!!
You are too injured to fight recklessly!
You are too injured to fight recklessly!
You are too injured to fight recklessly!
You are too injured to fight recklessly!
You are too injured to fight recklessly!
You are too injured to fight recklessly!
You are too injured to fight recklessly!
You are too injured to fight recklessly!
You are too injured to fight recklessly!
You are too injured to fight recklessly!
You are too injured to fight recklessly!
You are too injured to fight recklessly!
You are too injured to fight recklessly!
You are too injured to fight recklessly!
You hit the red ugly thing.
The red ugly thing looks as sick as possible!
The red ugly thing is severely wounded.
You block the red ugly thing's attack.
You closely miss the red ugly thing.
The red ugly thing is severely wounded.
The red ugly thing closely misses you.
You slash the red ugly thing!
The red ugly thing looks as sick as possible!
The red ugly thing is almost dead.
You block the red ugly thing's attack.
You barely miss the red ugly thing.
The red ugly thing is almost dead.
The red ugly thing claws you!
* * * LOW HITPOINT WARNING * * *
You are engulfed in flames!!
You die...

#.............'........
#.............#†.......
#...|.........#........
#.............#........
#.....#####...#........
#.....#...#...#####.###
###...#...#.... +.#
#...#...#... #.#
#...@...# ### #...#u..#
#...'...# .....#####
#...... #....## #....
#....


You could see a red ugly thing (extremely poisoned).

Vanquished Creatures
  A two-headed ogre (D:9)
  Pikel (D:5)
  2 komodo dragons (D:8)
  Grinder (D:3)
  Sigmund (D:4)
  4 yaks (D:8)
  A wyvern (D:9)
  2 basilisks (D:8)
  A steam dragon (D:8)
  Duvessa (D:4)
  A water moccasin (D:3)
  2 ice beasts (D:6)
  2 sky beasts
  2 black bears (D:6)
  An ogre (D:6)
  2 lemures (D:5)
  A centaur (D:6)
  4 bullfrogs
  A gnoll sergeant (D:8)
  4 scorpions
  5 wights
  Dowan (D:4)
  4 howler monkeys (D:9)
  2 vampire bats (D:4)
  A hound (D:5)
  A gnoll bouda (D:5)
  2 jellies (D:7)
  5 orc priests
  Crazy Yiuf (D:5)
  Jessica (D:2)
  Natasha (D:4)
  Terence (D:2)
  3 orc wizards
  An iguana (D:4)
  10 gnolls
  9 adders
  A worm (D:2)
  A dart slug (D:4)
  29 orcs
  6 ball pythons
  2 bat skeletons (D:4)
  5 bat zombies (D:4)
  8 endoplasms
  3 giant cockroaches
  7 goblins
  7 hobgoblins
  A quokka (D:3)
  4 bats
  A frilled lizard (D:2)
  8 kobolds
  6 rats
172 creatures vanquished.

Notes
Turn   | Place    | Note
-------+----------+-------------------------------------------
     0 | D:1      | Mysteryquy the Gargoyle Fighter began the quest for the
                  | Orb.
     0 | D:1      | Reached XP level 1. HP: 14/14 MP: 1/1
   238 | D:1      | Reached XP level 2. HP: 12/19 MP: 2/2
   820 | D:2      | Noticed Jessica
   825 | D:2      | Killed Jessica
   826 | D:2      | Reached skill level 2 in Axes
   826 | D:2      | Reached XP level 3. HP: 21/24 MP: 3/3
   936 | D:2      | Reached XP level 4. HP: 27/29 MP: 4/4
  1345 | D:2      | Noticed Terence
  1360 | D:2      | Killed Terence
  1448 | D:2      | Reached XP level 5. HP: 33/33 MP: 5/5
  1525 | D:2      | Reached skill level 1 in Dodging
  1598 | D:2      | Found a faded altar of an unknown god.
  1776 | D:3      | Found Ewkaavum's Book Emporium.
  1949 | D:3      | Noticed Grinder
  1953 | D:3      | Paralysed by Grinder for 5 turns
  1958 | D:3      | Killed Grinder
  1959 | D:3      | Reached skill level 3 in Axes
  1959 | D:3      | Reached XP level 6. HP: 10/39 MP: 6/6
  2141 | D:3      | Found a large runed translucent door.
  2141 | D:3      | Found a large runed translucent door.
  2213 | D:3      | Noticed a water moccasin
  2221 | D:3      | Killed a water moccasin
  2222 | D:3      | Reached skill level 4 in Axes
  2222 | D:3      | Reached XP level 7. HP: 42/44 MP: 7/7
  2269 | D:3      | Got the Collected Works on Scintillating Venom
  2653 | D:3      | Found a hazy altar of Hepliaklqana.
  2665 | D:3      | Found a sacrificial altar of Ru.
  2910 | D:4      | Noticed Sigmund
  2936 | D:4      | Killed Sigmund
  2937 | D:4      | Reached skill level 5 in Fighting
  2937 | D:4      | Reached skill level 5 in Axes
  2937 | D:4      | Reached skill level 5 in Armour
  3030 | D:4      | Found an ancient bone altar of Kikubaaqudgha.
  3096 | D:4      | Noticed Duvessa
  3096 | D:4      | Noticed Dowan
  3106 | D:4      | Killed Duvessa
  3107 | D:4      | Reached XP level 8. HP: 38/49 MP: 8/8
  3113 | D:4      | Killed Dowan
  3572 | D:4      | Noticed Natasha
  3579 | D:4      | Reached skill level 6 in Axes
  3583 | D:4      | Killed Natasha
  3657 | D:4      | Found a sparkling altar of Nemelex Xobeh.
  3852 | D:5      | Entered Level 5 of the Dungeon
  4244 | D:5      | Found a runed translucent door.
  4244 | D:5      | Noticed Crazy Yiuf
  4351 | D:5      | Found a glowing golden altar of the Shining One.
  4423 | D:5      | Noticed Pikel
  4431 | D:5      | Killed Pikel
  4432 | D:5      | Reached skill level 7 in Axes
  4432 | D:5      | Reached skill level 1 in Stealth
  4432 | D:5      | Reached XP level 9. HP: 48/55 MP: 9/9
  4885 | D:5      | Killed Crazy Yiuf
  5058 | D:6      | Reached skill level 5 in Shields
  5341 | D:6      | Reached skill level 8 in Axes
  5515 | D:6      | Found a staircase to the Ecumenical Temple.
  5528 | Temple   | Entered the Ecumenical Temple
  5631 | Temple   | Became a worshipper of Trog the Wrathful
  6006 | D:7      | Found a radiant altar of Vehumet.
  6017 | D:7      | Found a stormy altar of Qazlal.
  6823 | D:8      | Noticed a cyclops
  6939 | D:8      | Found a glowing silver altar of Zin.
  6943 | D:8      | Found an iron altar of Okawaru.
  7085 | D:8      | Reached XP level 10. HP: 60/63 MP: 10/10
  7280 | D:8      | Reached skill level 9 in Axes
  7382 | D:8      | Reached * piety under Trog
  7557 | D:8      | Found a staircase to the Lair.
  8312 | D:9      | Reached skill level 10 in Axes
  8378 | D:9      | Noticed a two-headed ogre
  8388 | D:9      | Killed a two-headed ogre
  8702 | D:9      | Noticed a red ugly thing
  8711 | D:9      | Mangled by a red ugly thing

Illustrated notes

Levels and vault maps discovered:
D:1:      dpeg_arrival_arbitrary_b, layout_loops_ring
D:2:      layout_loops_ring, hellmonk_ecumenical_altar_prayer_group,
          uniq_terence, uniq_jessica
D:3:      layout_basic, jmf_multi_god_temple2, serial_shops,
          nicolae_shop_statue_plus, uniq_grinder
D:4:      layout_basic, nemelex_spade_bored_becter, kennysheep_vampire_church,
          uniq_natasha, uniq_duvessa, uniq_sigmund
D:5:      layout_layer_cave, nicolae_tso_carved_into_rock, uniq_pikel,
          uniq_crazy_yiuf_cottage
D:6:      layout_rooms, minmay_temple_entry_crystal_x, minmay_liquid_box
D:7:      layout_cave_pods, mainiacjoe_overflow_catwalk_spiral
D:8:      layout_loops_ring, chequers_temple_overflow_statue_of_worship,
          erik_lair_dragon, lightli_corner_chamber
D:9:      layout_irregular_city, dreamdust_mushroom_princess
Temple:   nicolae_temple_godzebo

Skill      XL: |  1  2  3  4  5  6  7  8  9 10 |
---------------+-------------------------------+-----
Axes           | 2 3 4 5 7 8 10 | 10.4
Armour         | 4 5 6 7 8 |  8.2
Fighting       | 4 5 6 7 |  7.6
Dodging        | 1 2 3 |  3.5
Shields        | 4 5 |  5.5
Stealth        | 1 |  1.6

Action                     |  1- 3 |  4- 6 |  7- 9 | 10-12 || total
---------------------------+-------+-------+-------+-------++-------
  Melee: War axe           |    56 |    92 |   245 |    98 ||   491
 Invoke: Berserk           |       |       |       |     1 ||     1
    Use: Potion            |       |       |     2 |       ||     2
 Armour: Scale mail        |    28 |    48 |   136 |    49 ||   261
  Dodge: Dodged            |    29 |    37 |   116 |    33 ||   215
  Block: Buckler           |    14 |    28 |    52 |    18 ||   112
